 Dungeon Crawl Stone Soup version 0.28-a0-1412-gf95308ed99 (webtiles) character file.

Game seed: 16836917237782139824

847 Strat the Conjurer (level 8, -8/46 (50) HPs)
             Began as a Tengu Hedge Wizard on Jan 6, 2022.
             Shot with an arrow by a centaur (10 damage)
             ... on level 7 of the Dungeon.
             The game lasted 00:17:26 (6276 turns).

Strat the Conjurer (Tengu Hedge Wizard)             Turns: 6276, Time: 00:17:27

HP:   -8/46 (50)    AC:  5    Str: 12    XL:     8   Next: 0%
MP:   11/13         EV: 14    Int: 17    God:
Gold: 240           SH:  0    Dex: 14    Spells: 2/13 levels left

rFire   . . .      SeeInvis .   a - +9 falchion "Grim" {vorpal, rC+ Will+ Str+2}
rCold   + . .      Faith    .   (no shield)
rNeg    . . .      Spirit   .   j - +0 robe
rPois   .          Reflect  .   c - +0 hat
rElec   .          Harm     .   l - +2 cloak {Will+}
rCorr   .          Rampage  .   (no gloves)
Will    ++...                   (boots unavailable)
Stlth   ++........              (no amulet)
HPRegen 0.15/turn               (no ring)
MPRegen 0.13/turn               (no ring)

@: flying quickly and evasively, drained, quick
A: beak, talons 3, nimble flight
a: no special abilities


You were on level 7 of the Dungeon.
You visited 1 branch of the dungeon, and saw 6 of its levels.

You collected 240 gold pieces.

Inventory:

Hand Weapons
 a - the +9 falchion "Grim" (weapon) {vorpal, rC+ Will+ Str+2}
   (You found it on level 2 of the Dungeon)

   It inflicts extra damage upon your enemies.
   Str:       It affects your strength (+2).
   rC:        It protects you from cold.
   Will:      It increases your willpower.
 k - a +5 vampiric dagger
 m - the +5 war axe "Transmigrator" {venom, Will+ Dex+4}
   (You found it on level 7 of the Dungeon)

   It poisons the flesh of those it strikes.
   Dex:       It affects your dexterity (+4).
   Will:      It increases your willpower.
Missiles
 b - 49 stones
 n - 19 poisoned darts
Armour
 c - a +0 hat (worn)
 g - a +3 leather armour
 j - a +0 robe (worn)
 l - a +2 cloak of willpower (worn)
Wands
 f - a wand of acid (14)
Scrolls
 e - a scroll of blinking
 i - 2 scrolls of enchant weapon
Potions
 d - a potion of magic
 o - a potion of brilliance {unknown}
 p - a potion of heal wounds {unknown}


   Skills:
 + Level 5.5 Fighting
 - Level 2.1 Dodging
 - Level 2.0 Stealth
 - Level 3.0 Spellcasting
 + Level 6.0 Conjurations
 - Level 4.0 Summonings
 - Level 0.7 Translocations
 + Level 3.0 Air Magic
 - Level 2.0 Poison Magic


You had 2 spell levels left.
You knew the following spells:

 Your Spells              Type           Power      Damage    Failure   Level
a - Magic Dart            Conj           88%        1d7       1%          1
b - Call Imp              Summ           16%        N/A       4%          2
c - Blink                 Tloc           10%        N/A       21%         2
d - Mephitic Cloud        Conj/Pois/Air  15%        N/A       12%         3
e - Conjure Flame         Conj/Fire      12%        6-21      16%         3

Your spell library contained the following spells:

 Spells                   Type           Power      Damage    Failure   Level
 Slow                     Hex            8%         N/A       17%         1
 Confusing Touch          Hex            2%         N/A       45%         3
 Vampiric Draining        Necr           2%         2d6       45%         3


Dungeon Overview and Level Annotations

Branches:
Dungeon (5/15)
 Temple: D:4-7

Altars:

Shops:
D:1 (

Annotations:
D:4 Dowan, Duvessa, Pikel


Innate Abilities, Weirdness & Mutations

You have a beak for a mouth.
You have claws for feet.
Your magical nature lets you fly swiftly and evasively.


Message History

The hound bites you but does no damage.
Found 6 gold pieces.
Found a stone staircase leading down.
Something hits you but does no damage.
There is an open door here.
The bullfrog misses you.
Found a glowing ivory wand and 7 stones.
The bullfrog hits you but does no damage.
The bullfrog barely misses you.
You see here a wand of flame (8).
The bullfrog closely misses you.
Okay, then.
Casting: Call Imp (safe; 4% risk of failure)
Confirm with . or Enter, or press ? or * to list all spells.
A beastly little devil appears in a puff of frigid air.
The bullfrog hits you but does no damage.
The bullfrog closely misses you.
A sky beast appears from thin air!
Reactivating autopickup.
Your white imp closely misses the bullfrog.
The bullfrog hits you.
* * * LOW HITPOINT WARNING * * *
Your white imp hits the bullfrog.
Your white imp freezes the bullfrog.
Your white imp gestures at the bullfrog.
The puff of frost hits the bullfrog!
The bullfrog hits your white imp. The hound bites your white imp.
The bullfrog hits your white imp.
Your white imp closely misses the bullfrog.
Something bites your white imp.
An orc comes into view. It is wielding a +0 dagger.
The orc shouts!
You hear a shout!
A centaur comes into view.
The centaur shouts!
The centaur wields a +0 shortbow.
The centaur shoots an arrow.
The arrow hits you!
* * * LOW HITPOINT WARNING * * *
The orc hits you with a +0 dagger.
* * * LOW HITPOINT WARNING * * *
You feel better.
The centaur shoots an arrow.
The arrow hits you.
* * * LOW HITPOINT WARNING * * *
The orc misses you.
The centaur shoots an arrow.
The arrow hits you!
You die...

#. $>#.... ..c #.
#.#.... .... #.
####.#z... ....##### #.
#....'.... ........# #.
#.####....
........####.##.#####...
........'...../.........
........#####.#.####....
#....@#####z#(# ...
#...o.....#Y#.# ...
#.....#.###.#.. .
#.....#.# #.###
#.....#.###h#
#######...F5# #######


You could see a centaur and an orc.

Vanquished Creatures
  An orc warrior (D:5)
  4 lemures
  A water moccasin skeleton (D:4)
  2 jellies
  2 orc wizards
  Natasha (thrice) (D:3)
  3 adders
  An ufetubus (D:4)
  5 orcs
  10 endoplasms
  4 giant cockroaches
  7 goblins
  6 hobgoblins
  3 jackals (D:5)
  6 quokkas
  9 ball pythons
  2 bats (D:2)
  4 kobolds
  6 rats
79 creatures vanquished.

Vanquished Creatures (collateral kills)
  Sigmund (D:2)
  A black bear (D:4)
  Blork the orc (D:4)
  A water moccasin skeleton (D:5)
  Crazy Yiuf (D:2)
  Robin (D:2)
  An adder (D:2)
  2 orcs
  A goblin (D:1)
  A hobgoblin (D:2)
11 creatures vanquished.

Vanquished Creatures (others)
  3 fungi (D:2)
3 creatures vanquished.

Grand Total: 93 creatures vanquished

Notes
Turn   | Place    | Note
-------+----------+-------------------------------------------
     0 | D:1      | Strat the Tengu Hedge Wizard began the quest for the Orb.
     0 | D:1      | Reached XP level 1. HP: 10/10 MP: 5/5
   112 | D:1      | Reached skill level 2 in Conjurations
   543 | D:1      | Reached XP level 2. HP: 15/15 MP: 2/7
   594 | D:1      | Learned a level 2 spell: Call Imp
   597 | D:1      | Learned a level 2 spell: Blink
   609 | D:1      | Found Oposus's Weapon Shoppe.
   756 | D:1      | Reached skill level 3 in Conjurations
   982 | D:1      | Found a faded altar of an unknown god.
  1211 | D:2      | Noticed Robin
  1563 | D:2      | Reached XP level 3. HP: 19/19 MP: 3/8
  1784 | D:2      | Reached skill level 4 in Conjurations
  1812 | D:2      | Noticed Sigmund
  2082 | D:2      | Found a runed translucent door.
  2083 | D:2      | Noticed Crazy Yiuf
  2817 | D:2      | Reached skill level 5 in Conjurations
  2817 | D:2      | Reached XP level 4. HP: 23/24 MP: 4/9
  2834 | D:2      | Killed Robin
  3043 | D:2      | Killed Sigmund
  3044 | D:2      | Reached skill level 6 in Conjurations
  3044 | D:2      | Gained mutation: Your magical nature lets you fly swiftly
                  | and evasively. [Tengu growth]
  3044 | D:2      | Reached XP level 5. HP: 27/31 MP: 6/10
  3044 | D:2      | Reached XP level 6. HP: 31/36 MP: 6/11
  3110 | D:2      | Identified the +9 falchion "Grim" {vorpal, rC+ Will+ Str+2}
  3227 | D:2      | Killed Crazy Yiuf
  3632 | D:3      | Noticed Natasha
  3660 | D:3      | Killed Natasha
  3678 | D:3      | Noticed Natasha
  3689 | D:3      | Killed Natasha
  3851 | D:3      | Noticed Natasha
  3853 | D:3      | Killed Natasha
  3974 | D:4      | Noticed Blork the orc
  3984 | D:4      | Killed Blork the orc
  3985 | D:4      | Reached XP level 7. HP: 39/43 MP: 6/12
  4034 | D:4      | Learned a level 3 spell: Mephitic Cloud
  4038 | D:4      | Learned a level 3 spell: Conjure Flame
  4085 | D:4      | Noticed Pikel
  4789 | D:4      | Noticed Duvessa
  4789 | D:4      | Noticed Dowan
  5376 | D:4      | Reached skill level 1 in Air Magic
  5376 | D:4      | Reached skill level 1 in Poison Magic
  5601 | D:5      | Entered Level 5 of the Dungeon
  6118 | D:5      | Reached skill level 5 in Fighting
  6157 | D:5      | You are sucked into a shaft and drop 2 floors!
  6164 | D:7      | Reached XP level 8. HP: 45/50 MP: 13/13
  6165 | D:7      | Identified the +5 war axe "Transmigrator" {venom, Will+
                  | Dex+4}
  6275 | D:7      | HP: 2/46 [orc (3)]
  6276 | D:7      | Shot with an arrow by a centaur

Illustrated notes

Levels and vault maps discovered:
D:1:      minmay_arrival_hallway, layout_basic, serial_shops,
          nicolae_lakefront_shop, chequers_ecumenical_altar_island,
          minmay_misc_feat_square, st_stairs_12
D:2:      layout_loops_ring, mrwooster_statue_mirror, uniq_crazy_yiuf_cottage,
          uniq_robin, uniq_sigmund
D:3:      layout_rooms, minmay_misc_feat_encased, minivault_25, uniq_natasha
D:4:      layout_gridville, uniq_duvessa, uniq_pikel, uniq_blork_the_orc
D:5:      layout_rooms
D:7:      layout_basic

Skill      XL: |  1  2  3  4  5  6  7 |
---------------+----------------------+-----
Conjurations   | 2 3 5 6 |  6.0
Fighting       | 2 4 5 |  5.5
Summonings     | 3 4 |  4.0
Air Magic      | 3 |  3.0
Poison Magic   | 2 |  2.0
Dodging        | |  2.1
Stealth        | |  2.0
Spellcasting   | |  3.0
Translocations | |  0.7

Action                   |  1- 3 |  4- 6 |  7- 9 || total
-------------------------+-------+-------+-------++-------
Melee: Dagger            |    15 |     1 |       ||    16
       Kick              |     3 |     8 |    16 ||    27
       Peck              |     3 |     5 |     5 ||    13
       Falchion          |       |    31 |    47 ||    78
 Cast: Magic Dart        |    71 |     9 |    19 ||    99
       Call Imp          |     9 |    13 |    14 ||    36
       Mephitic Cloud    |       |       |     3 ||     3
  Use: Scroll            |       |     5 |     5 ||    10
       Potion            |       |       |     2 ||     2
 Stab: Sleeping          |       |     3 |     1 ||     4
       Confused          |       |       |     2 ||     2
Armor: Robe              |     7 |     4 |    16 ||    27
       Leather armour    |     2 |       |       ||     2
Dodge: Dodged            |    20 |    20 |    48 ||    88

Table legend: (Time is in decaauts)
 A = Elapsed time spent in this place.
 B = Non-inter-level travel time spent in this place.
 C = Inter-level travel time spent in this place.
 D = Time resting spent in this place.
 E = Time spent auto-exploring this place.
 F = Levels seen in this place.
 G = Mean time per level.
                   A        B        C        D        E       F      G
               +--------+--------+--------+--------+--------+-----+--------+
         Total |   6113 |   5621 |    492 |   1907 |   2120 |   6 | 1018.8 |
       Dungeon |   6113 |   5621 |    492 |   1907 |   2120 |   6 | 1018.8 |
               +--------+--------+--------+--------+--------+-----+--------+

Top non-repeatable levels by time:
     D:1: 1949 daAuts
     D:4: 1559 daAuts
     D:2: 1411 daAuts
     D:3: 800 daAuts
     D:5: 280 daAuts
     D:7: 111 daAuts
